Replay - BuRny v uthermy - Dusk Towers

Build Order

Get SALT Encoding   

  12  0:01  SCV  
  13  0:14  SCV  
  14  0:18  Supply Depot  
  14  0:26  SCV  
  15  0:40  SCV  
  15  0:42  Barracks  
  16  0:45  Refinery  
  16  0:52  SCV  
  17  1:04  SCV  
  18  1:16  SCV  
  19  1:29  Orbital Command, Reaper  
  20  1:44  Command Center  
  20  1:55  SCV, Supply Depot  
  21  2:02  Reaper  
  21  2:07  SCV  
  23  2:19  SCV  
  24  2:24  Factory  
  24  2:31  SCV  
  25  2:43  Command Center, Barracks Reactor  
  25  2:45  SCV  
  25  2:50  Refinery  
  26  2:57  SCV  
  25  3:13  SCV  
  25  3:15  Orbital Command  
  25  3:19  Marine x2  
  27  3:24  Starport  
  27  3:25  SCV, Factory Tech Lab  
  28  3:37  Marine x2, SCV  
  31  3:42  SCV  
  31  3:45  Siege Tank  
  35  3:49  SCV  
  35  3:54  SCV  
  35  3:55  Orbital Command  
  37  3:57  Marine  
  37  3:59  Marine  
  39  4:03  SCV  
  39  4:05  Viking  
  39  4:07  SCV  
  43  4:15  SCV, Marine  
  43  4:16  Marine  
  46  4:19  SCV  
  46  4:20  SCV  
  48  4:25  Siege Tank  
  48  4:27  SCV  
  48  4:29  Supply Depot  
  52  4:31  SCV  
  52  4:33  SCV, Marine  
  52  4:34  Marine  
  52  4:36  Viking  
  58  4:39  SCV  
  58  4:40  Supply Depot  
  58  4:44  SCV  
  58  4:45  SCV  
  61  4:48  Engineering Bay  
  61  4:49  Engineering Bay  
  61  4:51  SCV  
  62  4:54  Refinery  
  62  4:55  Refinery  
  62  4:56  SCV  
  62  4:57  Marine  
  62  4:58  Marine  
  65  5:01  Siege Tank  
  65  5:03  SCV  
  69  5:07  SCV  
  69  5:08  Supply Depot  
  70  5:15  Marine x2  
  70  5:16  Viking  
  70  5:17  SCV, Supply Depot  
  76  5:21  SCV  
  76  5:22  Supply Depot  
  76  5:23  SCV  
  77  5:29  SCV  
  77  5:32  Terran Infantry Weapons Level 1  
  77  5:33  SCV  
  80  5:35  SCV, Terran Infantry Armor Level 1  
  80  5:39  Marine x2, Supply Depot  
  80  5:41  SCV  
  83  5:45  SCV  
  83  5:46  Barracks  
  83  5:47  SCV  
  83  5:49  Barracks  
  85  5:50  Starport Reactor  
  85  5:51  Siege Tank  
  85  5:53  SCV  
  89  6:01  Barracks, SCV  
  89  6:02  Barracks, SCV  
  91  6:06  Marine  
  91  6:07  Marine, Supply Depot  
  91  6:09  SCV  
  94  6:13  SCV  
  94  6:14  SCV  
  94  6:17  Armory  
  94  6:18  Sensor Tower  
  96  6:20  Refinery  
  96  6:21  SCV, Refinery  
  96  6:24  Siege Tank  
  100  6:26  Marine x2  
  100  6:29  Supply Depot  
  100  6:30  SCV  
  100  6:31  SCV  
  104  6:36  Barracks Tech Lab x2  
  104  6:40  SCV  
  104  6:43  SCV x2, Bunker  
  104  6:44  Bunker  
  104  6:45  Marine x2  
  109  6:48  Barracks Tech Lab  
  109  6:49  Barracks Reactor  
  109  6:53  SCV  
  110  6:55  SCV x2, Marauder x2  
  110  6:57  Stimpack  
  110  6:58  Combat Shields  
  116  7:03  Supply Depot  
  116  7:04  Marine x2  
  116  7:06  Supply Depot  
  118  7:09  Marauder  
  120  7:17  Marauder  
  120  7:18  Supply Depot  
  120  7:19  Marine, Supply Depot  
  120  7:20  Concussive Shells  
  120  7:22  Marine, Medivac  
  125  7:25  Medivac  
  125  7:26  Supply Depot  
  127  7:30  Marauder  
  127  7:32  Supply Depot  
  127  7:34  Marine  
  127  7:35  Marine  
  131  7:40  Supply Depot  
  131  7:41  Marine  
  131  7:42  Supply Depot  
  131  7:43  Marine  
  131  7:44  Marine, Marauder  
  136  7:46  Siege Tank  
  136  7:51  Marine, Supply Depot  
  139  7:52  Marine  
  139  7:53  Medivac  
  139  7:55  Medivac  
  145  7:58  Marine x2  
  145  7:59  Supply Depot  
  145  8:01  Marine  
  145  8:02  Sensor Tower  
  148  8:06  Marine  
  148  8:07  Marauder  
  148  8:09  Marine  
  148  8:10  Marine  
  153  8:19  Siege Tank  
  156  8:20  Marine  
  156  8:21  Command Center  
  156  8:24  Marauder  
  156  8:25  Medivac, Supply Depot  
  161  8:30  Marine  
  161  8:31  Marauder  
  161  8:32  Marine x2  
  161  8:33  Marauder  
  168  8:38  Medivac  
  170  8:42  Marine  
  170  8:44  Command Center  
  170  8:46  Marauder  
  173  8:48  Marine  
  173  8:50  Marine x2  
  173  8:51  Siege Tank  
  173  8:52  Marauder  
  181  8:59  Marine  
  181  9:00  Starport  
  181  9:01  Marine  
  181  9:02  Starport  
  183  9:06  Marine  
  183  9:07  Marauder  
  186  9:10  Viking  
  186  9:11  Viking  
  186  9:14  Marine, Marauder  
Spawning Tool Build Advisor. Get it on Overwolf

Go to:

Details

  • Created by: DrDanGerous
  • Published on: Jul 05, 2016
  • Modified on: Jul 05, 2016
  • Patch: Pre-3.8.0
Show
View Real Time Build Order
Export as new Build Order

Comments (0)

There are no comments. Be the first!

Create an account to comment!